Map: Ghost River LE

Players

PattyMac - Winner!

  • Race: Protoss Protoss
  • Spawn Location: 11:00

DisReSpeCT

  • Race: Terran Terran
  • Spawn Location: 1:00

Event: ESL Spring 2024 Finals

VOD

Have the link to the VOD?

Description

Time

  • Played on: May 31, 2024, 6:18 p.m.
  • Length: 14:33

All games in this series

Show
View Real Time Build Order
Export as new Build Order

PattyMac Protoss - Winner!

Build Orders: 1 Gate Expand, Carriers 

Get SALT Encoding   

  12  0:00  Probe  
  13  0:12  Probe  
  14  0:17  Pylon  
  14  0:25  Probe (Chrono Boost)  
  15  0:37  Gateway, Probe (Chrono Boost)  
  16  0:43  Probe (Chrono Boost)  
  16  0:46  Assimilator  
  17  0:51  Probe  
  18  1:03  Probe  
  19  1:15  Probe  
  20  1:24  Cybernetics Core  
  20  1:33  Nexus  
  20  1:35  Probe  
  21  1:42  Pylon  
  21  1:47  Probe  
  21  1:51  Assimilator  
  22  1:59  Stalker (Chrono Boost), Probe  
  23  2:02  Warp Gate (Chrono Boost)  
  25  2:11  Probe  
  26  2:22  Adept  
  28  2:26  Probe  
  28  2:31  Robotics Facility  
  28  2:38  Probe  
  29  2:48  Gateway  
  29  2:50  Shield Battery  
  29  2:54  Probe  
  29  2:56  Probe  
  33  3:00  Stalker  
  33  3:08  Probe (Chrono Boost)  
  33  3:09  Probe (Chrono Boost)  
  35  3:17  Observer (Chrono Boost)  
  38  3:20  Pylon, Probe (Chrono Boost)  
  38  3:23  Probe (Chrono Boost)  
  38  3:25  Probe (Chrono Boost)  
  38  3:26  Stargate  
  39  3:31  Probe  
  40  3:35  Probe  
  41  3:42  Assimilator  
  41  3:43  Probe  
  41  3:44  Assimilator  
  42  3:49  Probe  
  42  3:53  Immortal (Chrono Boost)  
  42  3:55  Probe  
  44  3:59  Pylon  
  44  4:01  Probe  
  49  4:07  Observer, Pylon, Probe  
  50  4:13  Phoenix (Chrono Boost)  
  50  4:15  Shield Battery  
  52  4:17  Probe  
  52  4:19  Probe  
  52  4:23  Observer  
  54  4:26  Observer  
  54  4:27  Observer  
  54  4:29  Phoenix (Chrono Boost), Probe  
  56  4:36  Probe  
  59  4:39  Pylon  
  59  4:49  Probe  
  60  4:54  Phoenix  
  60  4:55  Immortal (Chrono Boost)  
  66  5:00  Stalker, Sentry  
  66  5:03  Probe  
  70  5:15  Nexus  
  70  5:18  Shield Battery  
  70  5:19  Probe  
  71  5:24  Phoenix  
  71  5:26  Probe  
  71  5:28  Sentry  
  76  5:34  Stalker  
  78  5:47  Pylon  
  78  5:54  Phoenix  
  78  6:04  Pylon  
  78  6:05  Immortal (Chrono Boost)  
  78  6:06  Zealot x2  
  78  6:07  Pylon  
  78  6:10  Robotics Bay  
  86  6:22  Probe x2  
  86  6:36  Probe (Chrono Boost)  
  86  6:38  Probe (Chrono Boost)  
  89  6:43  Probe (Chrono Boost)  
  89  6:45  Fleet Beacon  
  89  6:47  Observer (Chrono Boost), Probe (Chrono Boost), Stargate  
  91  6:48  Probe (Chrono Boost)  
  91  6:52  Probe x2 (Chrono Boost)  
  91  6:54  Observer, Probe (Chrono Boost)  
  94  6:56  Forge  
  97  7:02  Probe  
  97  7:04  Colossus  
  98  7:15  Protoss Air Weapons Level 1  
  98  7:16  Probe  
  98  7:17  Assimilator, Probe x2  
  98  7:18  Phoenix (Chrono Boost)  
  98  7:21  Assimilator  
  103  7:30  Probe x2  
  103  7:31  Probe, Photon Cannon  
  103  7:33  Carrier (Chrono Boost)  
  112  7:40  Zealot x2  
  112  7:42  Pylon, Probe  
  117  7:46  Pylon  
  117  7:52  Gateway  
  117  7:53  Observer  
  117  7:54  Pylon  
  117  7:56  Protoss Ground Weapons Level 1  
  117  7:59  Pylon  
  117  8:00  Probe x2, Colossus (Chrono Boost)  
  117  8:02  Extended Thermal Lance (Chrono Boost)  
  117  8:03  Pylon  
  117  8:04  Probe  
  126  8:09  Zealot x2  
  126  8:10  Pylon  
  130  8:13  Probe  
  131  8:20  Shield Battery  
  131  8:32  Probe  
  131  8:35  Stalker  
  131  8:44  Probe x2  
  131  8:45  Nexus  
  133  8:55  Pylon  
  133  8:56  Carrier x2 (Chrono Boost)  
  133  9:01  Pylon  
  145  9:07  Colossus (Chrono Boost)  
  145  9:08  Assimilator, Shield Battery  
  145  9:12  Assimilator  
  151  9:33  Probe  
  151  9:37  Twilight Council  
  152  9:39  Photon Cannon  
  152  9:43  Pylon, Stargate  
  152  9:47  Zealot x3  
  158  9:57  Carrier (Chrono Boost)  
  158  9:58  Photon Cannon  
  164  10:03  Protoss Air Weapons Level 2 (Chrono Boost)  
  162  10:11  Probe x2  
  164  10:15  Probe  
  164  10:16  Probe, Immortal (Chrono Boost)  
  164  10:17  Protoss Ground Weapons Level 2 (Chrono Boost)  
  182  10:29  Probe  
  182  10:30  Charge (Chrono Boost), Carrier (Chrono Boost), Probe x3  
  182  10:35  Carrier (Chrono Boost)  
  186  10:43  Templar Archives  
  186  10:47  Gateway  
  186  10:48  Pylon, Photon Cannon  
  186  10:50  Pylon  
  186  10:53  Carrier (Chrono Boost)  
  192  10:59  Probe  
  192  11:00  Probe  
  194  11:08  Immortal  
  198  11:13  Pylon  
  198  11:23  Pylon  
  198  11:25  Gateway  
  197  11:26  Gateway  
  197  11:29  Gateway  
  195  11:53  Psionic Storm  
  195  11:59  Nexus, Stargate  
  195  12:03  Pylon  
  195  12:05  Blink, Photon Cannon  
  195  12:06  High Templar x2  
  195  12:07  Photon Cannon  
  199  12:09  Shield Battery  
  199  12:12  Archon  
  197  12:26  Carrier (Chrono Boost)  
  146  12:51  Carrier (Chrono Boost)  
  146  12:52  Carrier (Chrono Boost)  
  146  12:55  Colossus  
  146  12:58  Carrier (Chrono Boost)  
  170  13:18  High Templar x5  
  170  13:19  Zealot x2  
  178  13:25  Carrier (Chrono Boost)  
  184  13:36  Nexus  
  184  13:37  Pylon  
  183  13:42  Gateway  
  183  13:43  Probe x3  
  183  13:46  Photon Cannon  
  183  13:47  Shield Battery  
  198  14:01  Pylon  
  198  14:09  Pylon x2  
  196  14:24  Archon  
Show
View Real Time Build Order
Export as new Build Order

DisReSpeCT Terran 

Build Orders: Cyclone Opening 

Get SALT Encoding   

  12  0:00  SCV  
  13  0:12  SCV  
  14  0:17  Supply Depot  
  14  0:24  SCV  
  15  0:39  SCV  
  15  0:40  Barracks  
  16  0:45  Refinery  
  16  0:51  SCV  
  17  0:57  Refinery  
  17  1:03  SCV  
  18  1:05  Supply Depot  
  18  1:15  SCV  
  19  1:27  Reaper  
  19  1:28  Orbital Command  
  20  1:45  Factory  
  20  1:54  SCV  
  21  1:59  Barracks Reactor  
  21  2:06  SCV  
  22  2:16  Command Center  
  22  2:18  SCV  
  23  2:30  Cyclone  
  23  2:31  SCV  
  23  2:35  Marine x2  
  28  2:43  SCV, Starport  
  29  2:51  Supply Depot  
  29  2:54  Marine  
  29  2:55  SCV  
  31  3:07  Factory Tech Lab  
  31  3:12  SCV, Marine  
  33  3:17  Marine  
  34  3:23  Starport Tech Lab  
  34  3:24  SCV  
  34  3:27  Siege Tank  
  38  3:33  Marine  
  39  3:34  Marine  
  39  3:36  Orbital Command  
  39  3:38  SCV  
  41  3:44  Banshee  
  43  3:51  Cloaking Field  
  43  3:52  SCV  
  44  3:56  Marine x2  
  44  4:01  Supply Depot  
  46  4:04  SCV x2  
  48  4:16  SCV  
  48  4:17  SCV  
  50  4:19  Siege Tank  
  50  4:24  Supply Depot, Marine x2  
  54  4:28  SCV  
  56  4:31  Banshee  
  56  4:33  SCV  
  60  4:40  Supply Depot, SCV  
  60  4:44  Marine  
  60  4:45  Marine, Barracks  
  63  4:46  SCV  
  63  4:52  SCV  
  65  4:54  Siege Tank  
  65  4:58  SCV, Refinery, Barracks  
  69  5:02  Marine  
  69  5:04  SCV  
  71  5:07  Supply Depot  
  71  5:10  SCV, Refinery  
  72  5:20  SCV  
  73  5:22  SCV, Engineering Bay  
  73  5:24  Starport Reactor  
  73  5:27  Marine x2  
  76  5:32  SCV  
  76  5:35  SCV  
  78  5:38  Factory Reactor  
  78  5:44  SCV  
  78  5:47  SCV  
  78  5:52  Marine x2  
  78  5:53  Bunker x2  
  78  5:56  SCV  
  78  5:59  SCV  
  78  6:04  Terran Infantry Weapons Level 1  
  78  6:08  SCV  
  78  6:09  Combat Shield, Stimpack  
  78  6:10  Marine x3  
  78  6:11  Marine, Medivac  
  83  6:12  SCV  
  86  6:19  Command Center  
  86  6:29  Marine x2  
  86  6:30  Marine, Medivac  
  83  6:33  Marine  
  83  6:34  Widow Mine  
  83  6:37  Supply Depot  
  86  6:48  Supply Depot  
  86  6:56  Supply Depot x2  
  86  6:58  SCV x2, Marine x4, Medivac  
  86  6:59  Supply Depot  
  94  7:10  SCV x2, Widow Mine, Medivac  
  94  7:11  Widow Mine  
  102  7:17  Marine, Marauder x2  
  102  7:18  Supply Depot  
  102  7:19  Supply Depot  
  109  7:22  SCV x2  
  109  7:26  Barracks  
  109  7:28  Concussive Shells, Marine, Barracks  
  109  7:29  Medivac  
  112  7:34  Orbital Command, SCV  
  112  7:36  SCV  
  114  7:37  Widow Mine  
  114  7:38  Widow Mine  
  114  7:42  Marine  
  114  7:43  Marauder  
  121  7:45  Marauder  
  121  7:50  Orbital Command  
  123  7:53  Marine  
  123  7:54  SCV  
  123  7:57  SCV  
  126  7:58  Ghost Academy, Terran Infantry Armor Level 1  
  126  8:01  Marine  
  126  8:04  Marauder  
  129  8:06  Marine  
  134  8:13  Viking x2  
  134  8:14  Marine  
  134  8:19  SCV  
  136  8:20  Refinery  
  136  8:25  Marauder  
  138  8:27  Barracks Tech Lab, Barracks Reactor  
  138  8:28  Ghost  
  138  8:38  Marine x2, Widow Mine  
  138  8:39  SCV x2, Widow Mine  
  138  8:40  SCV  
  138  8:41  Supply Depot  
  144  8:45  Ghost  
  146  8:49  Viking x2  
  146  8:51  SCV  
  151  8:56  SCV x2, Ghost  
  151  8:57  Engineering Bay, Armory  
  151  8:58  Refinery  
  151  9:01  Supply Depot  
  151  9:02  Supply Depot  
  155  9:03  SCV  
  155  9:06  Marine x3  
  155  9:07  Marine  
  155  9:08  Marauder  
  162  9:13  SCV  
  162  9:15  Supply Depot  
  163  9:22  Marauder, Viking x2  
  169  9:26  Marauder  
  169  9:28  SCV x2  
  169  9:29  Starport  
  173  9:36  Command Center  
  173  9:42  Marine, Marauder  
  173  9:43  Marine x3, Marauder  
  181  9:51  Factory Reactor  
  181  10:01  Marine x2, Marauder  
  181  10:02  Viking x2  
  189  10:07  Marauder  
  189  10:08  Barracks  
  189  10:10  Marauder  
  189  10:20  Supply Depot, Terran Infantry Weapons Level 2  
  189  10:22  Terran Infantry Armor Level 2  
  189  10:23  Terran Ship Weapons Level 1  
  189  10:27  SCV x3, Viking x2  
  194  10:38  Viking  
  194  10:41  Ghost, Viking  
  200  10:51  Supply Depot  
  200  11:04  Starport  
  200  11:17  Barracks Reactor  
  200  11:19  Missile Turret x2  
  200  11:35  Ghost  
  185  11:47  Viking x4  
  185  11:48  Viking  
  185  11:52  Planetary Fortress  
  195  11:56  Refinery  
  195  11:57  Refinery  
  195  11:58  Ghost x2, Command Center  
  195  11:59  Marine  
  200  12:06  Barracks  
  200  12:07  Barracks  
  196  12:17  Viking x2  
  128  12:44  Viking x3  
  128  12:45  Marine  
  128  12:46  Marine x3, Marauder x2  
  128  12:47  Viking x2  
  117  13:01  Marine x2, Marauder  
  117  13:03  Marine x2  
  112  13:05  Marine  
  112  13:06  Widow Mine  
  112  13:07  Marauder x2, Widow Mine  
  113  13:14  Viking  
  113  13:16  Marine  
  113  13:17  SCV  
  109  13:21  Starport Reactor  
  109  13:23  Marauder  
  109  13:24  Marine  
  109  13:25  Marine x4  
  109  13:26  Barracks Tech Lab x2  
  116  13:27  Orbital Command  
  116  13:28  Marauder  
  116  13:29  Marauder  
  116  13:32  SCV x2  
  122  13:34  Marine  
  123  13:42  Viking x3  
  123  13:44  Marauder  
  123  13:47  Armory  
  131  13:50  Marauder x2  
  131  13:55  Viking  
  137  14:12  Marine x7  
  137  14:16  SCV x3  
Tags
 
Add a new tag
Caveats
  • Supply blocks, unpowered buildings, or Contaminate may cause inaccurate times.
  • Supply counts are checked every 10 seconds.